 Dungeon Crawl Stone Soup version 0.20.0-8-g6b59dc7 (webtiles) character file.

703 Gorglomux the Grappler (level 7, 0/61 HPs)
             Began as a Troll Arcane Marksman on May 31, 2017.
             Slain by a centaur
             ... wielding a cursed -1 shortbow
              (2 damage)
             ... on level 5 of the Dungeon.
             The game lasted 00:03:55 (4086 turns).

Gorglomux the Grappler (Troll Arcane Marksman)      Turns: 4086, Time: 00:03:56

Health: 0/61       AC:  5    Str: 19    XL:     7   Next: 39%
Magic:  7/7        EV: 10    Int:  9    God:
Gold:   240        SH:  0    Dex: 12    Spells: 5/8 levels left

rFire    . . .     SeeInvis .     - Unarmed
rCold    . . .     Gourm    +   (no shield)
rNeg     + . .     Faith    .   a - +0 robe
rPois    .         Spirit   .   (helmet restricted)
rElec    .         Reflect  .   (no cloak)
rCorr    .         Harm     .   (gloves unavailable)
MR       .....                  (boots unavailable)
Stlth    +.........             (no amulet)
Regen    0.6/turn               J - ring of positive energy
MPRegen  0.1/turn               (no ring)

@: no status effects
A: unfitting armour, claws 3, fast metabolism 3, gourmand, regeneration 1,
shaggy fur 1, tough skin 2
a: no special abilities


You were on level 5 of the Dungeon.
You were very full.

You visited 1 branch of the dungeon, and saw 6 of its levels.

You collected 240 gold pieces.

Inventory:

Missiles
 c - 4 large rocks (quivered)
 Z - 2 throwing nets
Armour
 a - a +0 robe (worn)
Jewellery
 J - a ring of positive energy (left claw)
Wands
 P - a wand of paralysis (5/24)
Scrolls
 F - a scroll of vulnerability {unknown}
 G - a scroll of recharging {unknown}
 K - a scroll of fear {unknown}
 M - 3 scrolls of teleportation {unknown}
 N - a scroll of amnesia {unknown}
 O - 2 scrolls of enchant weapon {unknown}
 R - a scroll of identify
 Y - 5 scrolls of remove curse
Potions
 E - 3 potions of flight
 I - a potion of might
 L - a potion of ambrosia {unknown}
 Q - 4 potions of curing
 S - a potion of agility {unknown}
 T - a potion of lignification {unknown}
 V - a potion of mutation {unknown}
 W - 2 potions of heal wounds
Books
 b - a book of Debilitation

   Spells                             Type                      Level
   a - Corona                         Hexes                        1
   b - Slow                           Hexes                        2
   c - Inner Flame                    Hexes/Fire                   3
   d - Portal Projectile              Hexes/Translocation          3
   e - Cause Fear                     Hexes                        4
   f - Leda's Liquefaction            Hexes/Earth                  4
 H - a book of Minor Magic

   Spells                             Type                      Level
   a - Magic Dart                     Conjuration                  1
   b - Blink                          Translocation                2
   c - Call Imp                       Summoning                    2
   d - Slow                           Hexes                        2
   e - Conjure Flame                  Conjuration/Fire             3
   f - Mephitic Cloud                 Conjuration/Poison/Air       3
Comestibles
 f - 5 bread rations
 z - 4 meat rations
 U - 2 royal jellies
 X - 5 fruits


   Skills:
 + Level 0.7 Fighting
 - Level 1.7 Throwing
 - Level 1.5 Dodging
 + Level 8.1 Unarmed Combat
 - Level 1.0 Spellcasting
 - Level 2.0 Hexes


You had 5 spell levels left.
You knew the following spells:

 Your Spells              Type           Power        Failure   Level  Hunger
a - Corona                Hex            #......      16%         1    ##.....
b - Slow                  Hex            #.......     24%         2    ###....


Dungeon Overview and Level Annotations

Branches:
Dungeon (6/15)
 Temple: D:4-7

Altars:
Ashenzari
Gozag
Hepliaklqana
Qazlal
The Shining One

Shops:
D:6 (


Innate Abilities, Weirdness & Mutations

You are too large for most types of armour.
You have claws for hands.
Your metabolism is lightning-fast.
You like to eat raw meat.
Your natural rate of healing is unusually fast.
You are covered in fur. (AC +1)
You have very tough skin. (AC +2)


Message History

The crocodile is severely wounded.
The crocodile bites you!
* * * LOW HITPOINT WARNING * * *
A centaur comes into view.
The centaur shouts!
The centaur wields a shortbow.
The centaur shoots an arrow.
The arrow hits you!
* * * LOW HITPOINT WARNING * * *
You see here an arrow.
The centaur shoots an arrow.
The arrow hits you but does no damage.
The centaur shoots an arrow.
The arrow hits you.
* * * LOW HITPOINT WARNING * * *
You see here 2 arrows.
Okay, then.
The centaur shoots an arrow.
The arrow hits you.
* * * LOW HITPOINT WARNING * * *
The centaur shoots an arrow.
The arrow hits you!
* * * LOW HITPOINT WARNING * * *
You see here an arrow.
The centaur hits you with a shortbow.
You die...

#.# #............# #.#
#.##.#.###.#.# #.#
#.##.#.###.#.###########
#.####.##.......#.......#....
#......####.##..#.##)##.#.###
######.###..##..#.#...#.#.#.#
#..((#.......)........#.
#####t###.##.#...#.#.### ####
#..(@c.##.##..#..## # ...#
##.#######.......#.### ##.# #...#
#####.####.#. #.# #...#
#.......##.# ##.#### #...#
#.#####.#### ......# #...#
#.#.###.####
##.#..######...#######..#.##.##..
##....#.............##.#.###.##..
.......................#####.....


You could see a crocodile and a centaur.

Vanquished Creatures
  Menkaure (D:6)
  An ogre (D:5)
  A scorpion (D:4)
  A crimson imp (D:6)
  A hound (D:5)
  An orc wizard (D:6)
  2 worker ants (D:5)
  3 iguanas
  6 gnolls (D:5)
  6 adders
  An ooze (D:5)
  2 worms (D:3)
  2 dart slugs
  4 leopard geckos
  14 orcs
  2 ball pythons
  8 bats
  2 giant cockroaches
  10 goblins
  5 hobgoblins
  2 jackals (D:2)
  5 kobolds
  3 quokkas
  6 frilled lizards
  A jackal zombie (D:5)
  2 quokka skeletons (D:5)
  6 rats
98 creatures vanquished.

Notes
Turn   | Place    | Note
-------+----------+-------------------------------------------
     0 | D:1      | Gorglomux the Troll Arcane Marksman began the quest for the Orb.
     0 | D:1      | Reached XP level 1. HP: 18/18 MP: 1/1
    72 | D:1      | Reached skill level 1 in Unarmed Combat
   156 | D:1      | Reached XP level 2. HP: 19/26 MP: 2/2
   202 | D:1      | Reached skill level 2 in Unarmed Combat
   572 | D:2      | Reached XP level 3. HP: 26/32 MP: 3/3
   606 | D:2      | Reached skill level 3 in Unarmed Combat
   887 | D:2      | Found an opulent altar of Gozag.
  1194 | D:3      | Reached XP level 4. HP: 40/40 MP: 4/4
  1460 | D:3      | Reached skill level 4 in Unarmed Combat
  1643 | D:3      | Found a glowing golden altar of the Shining One.
  1946 | D:4      | Found a shattered altar of Ashenzari.
  1949 | D:4      | Found a stormy altar of Qazlal.
  1951 | D:4      | Found a hazy altar of Hepliaklqana.
  1996 | D:4      | Reached XP level 5. HP: 35/46 MP: 5/5
  2014 | D:4      | Noticed an ogre
  2252 | D:4      | Reached skill level 5 in Unarmed Combat
  2555 | D:4      | Learned a level 2 spell: Slow
  2725 | D:5      | Entered Level 5 of the Dungeon
  2773 | D:5      | Reached XP level 6. HP: 46/54 MP: 6/6
  2846 | D:5      | Reached skill level 6 in Unarmed Combat
  3187 | D:5      | Reached skill level 7 in Unarmed Combat
  3492 | D:6      | Reached XP level 7. HP: 55/61 MP: 7/7
  3599 | D:6      | Noticed Menkaure
  3611 | D:6      | Killed Menkaure
  3799 | D:6      | Reached skill level 8 in Unarmed Combat
  3894 | D:6      | Found Toocacs's Weapon Shoppe.
  4085 | D:5      | HP: 2/61 [centaur/arrow (11)]
  4086 | D:5      | Slain by a centaur

Skill      XL: |  1  2  3  4  5  6  7 |
---------------+----------------------+-----
Unarmed Combat | 1 2 3 4 5 7 8 |  8.1
Fighting       | |  0.7
Throwing       | |  1.7
Dodging        | |  1.5
Spellcasting   | |  1.0
Hexes          | |  2.0

Action                   |  1- 3 |  4- 6 |  7- 9 || total
-------------------------+-------+-------+-------++-------
Melee: Unarmed           |   108 |   135 |    31 ||   274
       Punch             |     1 |     1 |       ||     2
Throw: Large rock        |       |     3 |     2 ||     5
  Use: Scroll            |       |     5 |       ||     5
       Potion            |       |       |     2 ||     2
 Stab: Sleeping          |     1 |     1 |       ||     2
  Eat: Chunk             |    16 |    20 |     5 ||    41
Armor: Robe              |    38 |    30 |     3 ||    71
Dodge: Dodged            |    57 |    51 |    17 ||   125
